 Dungeon Crawl Stone Soup version 0.28.0 (webtiles) character file.

Game seed: 8857777010251732074

1080 themarg the Caller (level 8, -5/56 HPs)
             Began as a Merfolk Summoner on Feb 18, 2022.
             Was a Believer of Kikubaaqudgha.
             Slain by a crimson imp (7 damage)
             ... on level 6 of the Dungeon.
             The game lasted 00:36:47 (5941 turns).

themarg the Caller (Merfolk Summoner)               Turns: 5941, Time: 00:36:49

Health: -5/56      AC:  3    Str:  8    XL:     8   Next: 29%
Magic:  14/14      EV: 14    Int: 17    God:    Kikubaaqudgha [**....]
Gold:   247        SH:  0    Dex: 17    Spells: 8/16 levels left

rFire   . . .      SeeInvis .   k - +0 trident
rCold   . . .      Faith    .   (no shield)
rNeg    . . .      Spirit   .   a - +0 robe
rPois   .          Reflect  .   (no helmet)
rElec   .          Harm     .   (no cloak)
rCorr   .          Rampage  .   f - +0 pair of gloves {Dex+3}
Will    .....                   (no boots)
Stlth   +++.......              m - amulet of magic regeneration
HPRegen 0.18/turn               (no ring)
MPRegen 0.54/turn               (no ring)

@: marked, slowed, very slow
A: (nimble swimmer 2), mertail
a: Renounce Religion, Receive Corpses


You were on level 6 of the Dungeon.
You worshipped Kikubaaqudgha.
Kikubaaqudgha was pleased with you.
You visited 1 branch of the dungeon, and saw 6 of its levels.

You collected 247 gold pieces.

Inventory:

Hand Weapons
 k - a +0 trident (weapon)
Missiles
 b - 180 stones
 d - 20 poisoned darts (quivered)
Armour
 a - a +0 robe (worn)
 f - a +0 pair of gloves of dexterity (worn)
Jewellery
 c - an amulet of regeneration
 m - an amulet of magic regeneration (around neck)
 t - a ring of ice
Wands
 q - a wand of flame (2)
Scrolls
 e - 2 scrolls of enchant weapon
 h - 4 scrolls of teleportation
 j - a scroll of identify
 l - a scroll of fear {unknown}
 o - a scroll of magic mapping {unknown}
 p - 2 scrolls of noise
 s - a scroll of enchant armour {unknown}
 u - a scroll of amnesia {unknown}
 x - a scroll of acquirement {unknown}
Potions
 g - a potion of haste
 i - a potion of curing
 n - 3 potions of degeneration
 r - a potion of brilliance
 v - a potion of might {unknown}
 w - a potion of heal wounds {unknown}
 z - a potion of magic {unknown}


   Skills:
 + Level 2.0 Fighting
 + Level 0.4 Short Blades
 + Level 5.7 Polearms
 + Level 4.0 Dodging
 + Level 4.0 Stealth
 + Level 4.5 Spellcasting
 + Level 1.1 Hexes
 + Level 6.5 Summonings
 * Level 1.0 Necromancy


You had 8 spell levels left.
You knew the following spells:

 Your Spells              Type           Power      Damage    Failure   Level
a - Summon Small Mammal   Summ           100%       N/A       1%          1
b - Call Canine Familiar  Summ           26%        N/A       3%          3
c - Summon Guardian Gole  Hex/Summ       17%        N/A       9%          3
d - Animate Skeleton      Necr           14%        N/A       10%         1

Your spell library contained the following spells:

 Spells                   Type           Power      Damage    Failure   Level
 Call Imp                 Summ           26%        N/A       1%          2
 Pain                     Necr           28%        1d5       10%         1
 Sublimation of Blood     Necr           7%         N/A       14%         2
 Apportation              Tloc           6%         N/A       16%         1
 Summon Lightning Spire   Summ/Air       15%        N/A       36%         4
 Agony                    Necr           7%         N/A       95%         5


Dungeon Overview and Level Annotations

Branches:
Dungeon (6/15)             Temple (0/1) D:4

Altars:
Kikubaaqudgha
Xom


Innate Abilities, Weirdness & Mutations

((You are very nimble when in or above water. (Stealth+, EV+, Speed+++)))
Your lower body shifts to a powerful aquatic tail in water.


Message History

Kikubaaqudgha delivers you a corpse!
Your hound misses the crimson imp. x2; The centaur shoots an arrow.
The arrow hits you!
* * * LOW HITPOINT WARNING * * *
Something bites your guardian golem. The crimson imp misses your hound.
Your hound bites the crimson imp.
The orc barely misses you.
The orc hits your hound with a +0 war axe.
Okay, then.
Okay, then.
Okay, then.
Your hound barely misses the crimson imp.
Your hound misses the crimson imp.
The water moccasin bites your guardian golem.
The orc completely misses you. The orc completely misses your hound.
Your hound bites the crimson imp.
The centaur shoots an arrow.
The arrow closely misses you.
The water moccasin completely misses your guardian golem.
The orc closely misses you.
The orc hits your hound with a +0 war axe.
Your hound closely misses the crimson imp. x2
Your hound completely misses the crimson imp.
The water moccasin bites your guardian golem.
The centaur shoots an arrow.
The arrow completely misses you.
Your guardian golem overheats!
The water moccasin bites your guardian golem.
Flame seeps out of your guardian golem.
Your hound closely misses the crimson imp.
Your hound bites the crimson imp.
The water moccasin bites your guardian golem but does no damage.
Your guardian golem is engulfed in blazing flames.
Flame seeps out of your guardian golem.
Your hound barely misses the centaur.
The water moccasin bites your guardian golem.
Your guardian golem disappears in a puff of smoke!
Your guardian golem explodes!
The fiery explosion engulfs the water moccasin!!
The water moccasin dies!
Kikubaaqudgha accepts your kill.
The crimson imp hits you with a +2 dagger of chaos!
You die...
Kikubaaqudgha rasps: "You have failed me!
Welcome... death!"

...###..##.####+#### #.#... #..#
#..##.# #..#.####### #.#... #..#
#..##.# #......S...# #.#...
#..###..##.# #.##c###.### #.#...
...........####.##.###9# #.#...
.............##.##..##h# #.#.##
#..###..##.####.###.##.#####.#.##
................###c##§..........
#..##.#.##......@5c†§°§###...#.##
#.###.#.#######.#o.h§§####...#.#
#.###.#.# #.#.....##.....#.#
........# #.#.....##.....#.#
......... #.#####..#.....#.#
......### #.# ####.#.....#.#
#.###.... #.# #.............
......... .. #'###......### ...##
##. .. #.........


You could see 2 centaurs, a crimson imp (ally target), an orc and a friendly
hound (summoned, fast, sheltered).

Vanquished Creatures
  Grinder (D:4)
  A necrophage (D:6)
  2 phantoms (D:4)
  A bullfrog zombie (D:6)
  A hound (D:6)
  Ijyb (D:4)
  A killer bee zombie (D:4)
  3 adders
  3 worms
  A dart slug (D:4)
  An orc (D:5)
  3 ball pythons
  7 bats
  5 endoplasms
  2 giant cockroaches
  3 goblins
  5 hobgoblins
  A jackal (D:1)
  3 quokkas
  A frilled lizard (D:3)
  A kobold (D:4)
  A rat (D:1)
48 creatures vanquished.

Vanquished Creatures (collateral kills)
  A necrophage (D:5)
  An ogre (D:4)
  A bullfrog (D:5)
  3 crimson imps (D:6)
  A hound (D:4)
  2 adders
  2 white imps
  2 dart slugs
  2 orcs
  8 ball pythons
  A bat (D:1)
  2 endoplasms
  A giant cockroach (D:4)
  6 goblins
  5 hobgoblins
  A jackal (D:1)
  6 kobolds
  2 quokkas
  A frilled lizard (D:2)
  A rat (D:1)
49 creatures vanquished.

Vanquished Creatures (others)
  A water moccasin (D:6)
1 creature vanquished.

Grand Total: 98 creatures vanquished

Notes
Turn   | Place    | Note
-------+----------+-------------------------------------------
     0 | D:1      | themarg the Merfolk Summoner began the quest for the Orb.
     0 | D:1      | Reached XP level 1. HP: 13/13 MP: 3/3
   396 | D:1      | Reached XP level 2. HP: 17/19 MP: 0/5
   824 | D:1      | Found a faded altar of an unknown god.
   854 | D:1      | Prayed at the altar of an unknown god.
   854 | D:1      | Became a worshipper of Kikubaaqudgha
   854 | D:1      | Reached * piety under Kikubaaqudgha
   854 | D:1      | Received a gift from Kikubaaqudgha
  1147 | D:1      | Reached XP level 3. HP: 24/24 MP: 3/6
  1890 | D:2      | Reached skill level 1 in Polearms
  1903 | D:2      | Learned a level 3 spell: Call Canine Familiar
  1920 | D:2      | Reached XP level 4. HP: 24/30 MP: 7/7
  2270 | D:3      | Reached skill level 5 in Summonings
  2398 | D:3      | Reached ** piety under Kikubaaqudgha
  3058 | D:4      | Noticed a phantom
  3074 | D:4      | Reached XP level 5. HP: 35/35 MP: 6/8
  3390 | D:4      | Found the +10 morningstar "Eos" {elec, Halo rElec}
  3424 | D:4      | Found a staircase to the Ecumenical Temple.
  3428 | D:4      | Noticed Grinder
  3433 | D:4      | Noticed a phantom
  3450 | D:4      | Learned a level 3 spell: Summon Guardian Golem
  3508 | D:4      | Noticed an ogre
  3525 | D:4      | Killed an ogre
  3526 | D:4      | Reached XP level 6. HP: 7/42 MP: 7/10
  3813 | D:4      | Paralysed by Grinder for 6 turns
  3832 | D:4      | Killed Grinder
  3833 | D:4      | Reached skill level 1 in Fighting
  3833 | D:4      | Reached XP level 7. HP: 21/48 MP: 10/12
  4259 | D:4      | Noticed Ijyb
  4293 | D:4      | Killed Ijyb
  4465 | D:4      | Learned a level 1 spell: Animate Skeleton
  4522 | D:4      | Reached skill level 6 in Summonings
  4624 | D:5      | Entered Level 5 of the Dungeon
  4892 | D:5      | Identified the +2 dagger "Faas" {speed, rF+}
  4955 | D:5      | Reached skill level 5 in Polearms
  5239 | D:6      | Reached XP level 8. HP: 47/55 MP: 14/14
  5318 | D:6      | Found a shimmering altar of Xom.
  5751 | D:6      | Reached skill level 1 in Hexes
  5751 | D:6      | Reached skill level 1 in Necromancy
  5938 | D:6      | HP: 1/56 [centaur/arrow (12)]
  5941 | D:6      | Slain by a crimson imp

Illustrated notes

Levels and vault maps discovered:
D:1:      evilmike_arrival_rings, layout_loops_ring,
          nicolae_ecumenical_snake_handling
D:2:      layout_rooms
D:3:      layout_loops_ring, minivault_27, minmay_goblin_outpost
D:4:      layout_rooms, minmay_temple_entry_grid, uniq_ijyb, uniq_grinder
D:5:      layout_rooms
D:6:      layout_basic, led_xom_imps

Skill      XL: |  1  2  3  4  5  6  7  8 |
---------------+-------------------------+-----
Dodging        | 3 4 |  4.0
Polearms       | 1 2 3 4 5 |  5.7
Summonings     | 5 6 |  6.5
Stealth        | 3 4 |  4.0
Spellcasting   | 3 4 |  4.5
Fighting       | 1 2 |  2.0
Hexes          | 1 |  1.1
Necromancy     | 1 |  1.0
Short Blades   | |  0.4

Action                   |  1- 3 |  4- 6 |  7- 9 || total
-------------------------+-------+-------+-------++-------
Melee: Unarmed           |    12 |       |       ||    12
       Dagger            |    15 |       |       ||    15
       Trident           |    58 |    81 |   115 ||   254
       Punch             |     1 |       |       ||     1
Throw: Dart              |       |       |     1 ||     1
 Cast: Summon Small Mamm |    45 |    14 |       ||    59
       Call Canine Famil |       |    13 |    21 ||    34
       Summon Guardian G |       |     2 |    14 ||    16
Invok: Receive Corpses   |       |       |     1 ||     1
  Use: Scroll            |       |     3 |     5 ||     8
       Potion            |       |       |     2 ||     2
 Stab: Sleeping          |     5 |     4 |     1 ||    10
       Distracted        |     1 |     1 |     1 ||     3
Armor: Robe              |    14 |     7 |    12 ||    33
Dodge: Dodged            |    56 |    24 |    44 ||   124
